 Dungeon Crawl Stone Soup version 0.26.1-11-gd32895ea62 (webtiles) character file.

Game seed: 3340792737992023222

2132 Zeld the Carver (level 9, -1/56 HPs)
             Began as an Octopode Monk on May 18, 2021.
             Was a Believer of Qazlal.
             Killed from afar by an orc wizard (6 damage)
             ... with a puff of frost
             ... on level 7 of the Dungeon.
             The game lasted 00:09:12 (8998 turns).

Zeld the Carver (Octopode Monk)                     Turns: 8998, Time: 00:09:13

Health: -1/56      AC:  1    Str: 13    XL:     9   Next: 30%
Magic:  9/9        EV: 14    Int: 12    God:    Qazlal [**....]
Gold:   339        SH:  2    Dex: 15    Spells: 8/8 levels left

rFire    . . .     SeeInvis .   a - +2 falchion
rCold    . . .     Faith    .   (no shield)
rNeg     . . .     Spirit   .   (helmet restricted)
rPois    .         Reflect  .   (no amulet)
rElec    .         Harm     .   s - ring of wizardry
rCorr    .         Rampage  .   d - ring of stealth
Will     .....                  (no ring)
Stlth    ++++......             (no ring)
HPRegen  0.18/turn              (no ring)
MPRegen  0.11/turn              (no ring)
                                (no ring)
                                (no ring)

@: no status effects
A: almost no armour, stealthy swim, amphibious, 8 rings, constrict 8, camouflage
1, gelatinous body 1
a: Renounce Religion, Upheaval


You were on level 7 of the Dungeon.
You worshipped Qazlal.
Qazlal was pleased with you.
You visited 2 branches of the dungeon, and saw 8 of its levels.

You collected 339 gold pieces.

Inventory:

Hand Weapons
 a - a +2 falchion (weapon)
 g - a +0 falchion
Missiles
 o - 5 boomerangs (quivered)
Jewellery
 d - a ring of stealth (right tentacle)
 s - a ring of wizardry (left tentacle)
Wands
 n - a wand of random effects (20)
 q - a wand of paralysis (5)
 r - a wand of acid (8)
Scrolls
 b - a scroll of identify
 e - 2 scrolls of magic mapping
 f - 3 scrolls of fear
 i - a scroll of fog
 k - 6 scrolls of teleportation
 l - 2 scrolls of amnesia
 t - a scroll of remove curse
 u - a scroll of enchant armour
Potions
 c - 2 potions of curing {unknown}
 h - 2 potions of brilliance {unknown}
 j - 3 potions of might {unknown}
 m - a potion of magic {unknown}
 p - 2 potions of haste {unknown}
 v - a potion of resistance {unknown}


   Skills:
 - Level 3.0 Fighting
 * Level 12.1 Long Blades
 - Level 3.0 Dodging
 - Level 2.6 Stealth


You had 8 spell levels left.
You didn't know any spells.
Your spell library contained the following spells:

 Spells                   Type           Power        Failure   Level
 Corona                   Hex            0%           13%         1
 Blink                    Tloc           N/A          21%         2
 Ensorcelled Hibernation  Hex/Ice        0%           21%         2
 Confusing Touch          Hex            0%           36%         3
 Dazzling Flash           Conj/Hex       0%           36%         3
 Tukima's Dance           Hex            0%           36%         3
 Bolt of Magma            Conj/Fire/Erth 0%           97%         5
 Statue Form              Tmut/Erth      0%           100%        6
 Malign Gateway           Summ/Tloc      0%           100%        7


Dungeon Overview and Level Annotations

Branches:
Dungeon (7/15)             Temple (1/1) D:6

Altars:
Ashenzari
Cheibriados
Dithmenos
Elyvilon
Fedhas
Gozag
Hepliaklqana
Kikubaaqudgha
Makhleb
Nemelex Xobeh
Okawaru
Qazlal
Ru
Sif Muna
Trog
Uskayaw
Vehumet
Wu Jian
Xom
Yredelemnul
Zin
The Shining One


Innate Abilities, Weirdness & Mutations

You cannot wear most types of armour.
You are very stealthy in the water. (Stealth+)
You are amphibious.
You can wear up to eight rings at the same time.
You can use your tentacles to constrict eight enemies at once.
Your skin changes colour to match your surroundings (Stealth+).
Your rubbery body absorbs attacks. (AC +1, EV +1)


Message History

You hear some strange, mumbled words.
A puff of flame appears from out of thin air!
The puff of flame hits you! The orc wizard closely misses you.
You riposte.
You closely miss the orc wizard. Your grab misses the orc wizard.
Your squeeze misses the orc wizard.
You hear some strange, mumbled words.
A magic dart appears from out of thin air!
The magic dart hits you.
You see here a +0 mace.
The orc wizard gestures at you while chanting.
The magic dart hits you!
* * * LOW HITPOINT WARNING * * *
Items here: ( )) †.
A magic dart appears from out of thin air!
The magic dart hits you!
* * * LOW HITPOINT WARNING * * *
You hear some strange, mumbled words.
A puff of frost appears from out of thin air!
The puff of frost hits you.
You die...

#..##.## #.#
#.. #.# #.#
#. #.# #.# #
#.#########.#
#...........#
###########.#
######.#
#......#
#@####.# #.#
#.# #{## #.##
#o.##...#
#o....#.
#..##...#
#......###.##
##......# #
....?..(#


You could see an orc wizard and an orc.

Vanquished Creatures
  Edmund (D:4)
  Menkaure (D:4)
  3 ogres
  A necrophage (D:5)
  2 centaurs (D:7)
  3 bullfrogs
  A water moccasin zombie (D:6)
  5 wights (D:6)
  A howler monkey (D:6)
  5 hounds
  Ijyb (D:3)
  A gnoll shaman (D:6)
  A jelly (D:5)
  4 orc wizards
  3 orc priests
  Jessica (D:2)
  3 iguanas
  5 worker ants
  A howler monkey zombie (D:5)
  5 gnolls (D:6)
  5 adders
  A shadow imp (D:7)
  A white imp (D:7)
  4 ufetubi
  2 oozes
  2 worms
  A dart slug (D:2)
  4 leopard geckos
  14 orcs
  7 bats
  2 giant cockroaches
  9 hobgoblins
  18 jackals
  A quokka (D:3)
  A frilled lizard (D:2)
  8 goblins
  2 jackal skeletons
  9 kobolds
  A quokka zombie (D:5)
  6 rats
146 creatures vanquished.

Vanquished Creatures (others)
  A worker ant (D:6)
  A leopard gecko (D:6)
2 creatures vanquished.

Grand Total: 148 creatures vanquished

Notes
Turn   | Place    | Note
-------+----------+-------------------------------------------
     0 | D:1      | Zeld the Octopode Monk began the quest for the Orb.
     0 | D:1      | Reached XP level 1. HP: 16/16 MP: 1/1
   169 | D:1      | Reached XP level 2. HP: 19/21 MP: 2/2
   405 | D:1      | You fall into a shaft and drop 1 floor!
   436 | D:2      | Reached skill level 4 in Long Blades
   541 | D:2      | Noticed Jessica
   544 | D:2      | Killed Jessica
   545 | D:2      | Reached XP level 3. HP: 26/26 MP: 3/3
   785 | D:1      | Reached XP level 4. HP: 31/31 MP: 4/4
  1009 | D:2      | Noticed a bullfrog
  1015 | D:2      | Killed a bullfrog
  1016 | D:2      | Reached skill level 5 in Long Blades
  1016 | D:2      | Reached XP level 5. HP: 21/36 MP: 5/5
  1572 | D:3      | Reached skill level 6 in Long Blades
  1839 | D:3      | Noticed Ijyb
  1859 | D:3      | Killed Ijyb
  2027 | D:3      | Found a hide-covered altar of Uskayaw.
  2029 | D:3      | Found a bloodstained altar of Trog.
  2029 | D:3      | Found a bloodstained altar of Trog.
  2032 | D:3      | Found a bloodstained altar of Trog.
  2032 | D:3      | Found a shimmering altar of Xom.
  2032 | D:3      | Found a hide-covered altar of Uskayaw.
  2533 | D:3      | Reached XP level 6. HP: 42/42 MP: 6/6
  3407 | D:4      | Reached skill level 7 in Long Blades
  3567 | D:4      | Noticed Edmund
  3582 | D:4      | Killed Edmund
  3583 | D:4      | Reached XP level 7. HP: 46/46 MP: 7/7
  3615 | D:4      | Identified Sif Muna's Incunabulum of the Earthen Voyage
  3955 | D:4      | Noticed Menkaure
  3964 | D:4      | Killed Menkaure
  3965 | D:4      | Reached skill level 8 in Long Blades
  4077 | D:4      | Reached skill level 9 in Long Blades
  4320 | D:5      | Entered Level 5 of the Dungeon
  4350 | D:5      | Reached XP level 8. HP: 35/52 MP: 8/8
  4858 | D:5      | Found an ornate altar of the Wu Jian Council.
  4929 | D:5      | Reached skill level 10 in Long Blades
  6440 | D:6      | Reached skill level 11 in Long Blades
  6642 | D:6      | Found a staircase to the Ecumenical Temple.
  6652 | Temple   | Entered the Ecumenical Temple
  6668 | Temple   | Became a worshipper of Qazlal Stormbringer
  6668 | Temple   | Reached * piety under Qazlal
  6668 | Temple   | Reached ** piety under Qazlal
  7939 | D:7      | Reached XP level 9. HP: 10/56 MP: 9/9
  8973 | D:7      | Reached skill level 12 in Long Blades
  8998 | D:7      | Killed from afar by an orc wizard

Illustrated notes

Levels and vault maps discovered:
D:1:      elethiomel_arrival_maze, layout_basic
D:2:      layout_loops_ring, st_stairs_12, uniq_jessica
D:3:      layout_basic, minmay_misc_feat_more_columns, doesnt_xom_only_xom,
          uniq_ijyb
D:4:      layout_basic, uniq_menkaure, uniq_edmund
D:5:      layout_cave_pools, nzn_wu_jian_council_hall
D:6:      layout_rooms, temple_hall, minivault_27, lemuel_flamethrower_2
D:7:      layout_loops_ring
Temple:   nicolae_temple_the_god_donut

Skill      XL: |  1  2  3  4  5  6  7  8  9 |
---------------+----------------------------+-----
Long Blades    | 4 5 6 7 9 11 12 | 12.1
Fighting       | |  3.0
Dodging        | |  3.0
Stealth        | |  2.6

Action                   |  1- 3 |  4- 6 |  7- 9 || total
-------------------------+-------+-------+-------++-------
Melee: Falchion          |    40 |   111 |   243 ||   394
       Constrict         |    12 |    28 |    69 ||   109
       Tentacles         |     8 |    26 |    60 ||    94
Evoke: Wand              |       |     1 |     2 ||     3
  Use: Scroll            |       |       |    14 ||    14
 Stab: Sleeping          |     7 |     8 |     7 ||    22
       Distracted        |     1 |     2 |       ||     3
       Paralysed         |       |     8 |     9 ||    17
Armor: Skin              |     7 |     4 |     9 ||    20
Dodge: Dodged            |    33 |    77 |   144 ||   254
Block: Other             |       |       |     6 ||     6
       Rpst.: Falchion   |    11 |    27 |    42 ||    80
